 Dungeon Crawl Stone Soup version 0.30.1-11-g7821555f0a (webtiles) character file.

Game seed: 17631546546749178079

32 ChrisAssaf the Caller (level 3, -2/25 HPs)
             Began as a Gnoll Summoner on Nov 12, 2023.
             Slain by a goblin
             ... wielding a +0 dagger
             ... led by Robin
              (4 damage)
             ... on level 3 of the Dungeon.
             The game lasted 00:04:19 (959 turns).

ChrisAssaf the Caller (Gnoll Summoner)               Turns: 959, Time: 00:04:20

Health: -2/25      AC:  2    Str:  9    XL:     3   Next: 25%
Magic:  5/9        EV: 13    Int: 14    God:
Gold:   84         SH:  0    Dex: 12    Spells: 6/12 levels left

rFire   . . .        h - +3 short sword
rCold   . . .        (no shield)
rNeg    . . .        a - +0 robe
rPois   .            (no helmet)
rElec   .            (no cloak)
rCorr   .            (no gloves)
SInv    .            (no boots)
Will    .....        (no amulet)
Stlth   ++           (no ring)
HPRegen 0.24/turn    (no ring)
MPRegen 0.11/turn

%: no passive effects
@: no status effects
A: fangs 1, strong nose, distributed training
a: no special abilities


You were on level 3 of the Dungeon.
You visited 1 branch of the dungeon, and saw 3 of its levels.

You collected 84 gold pieces.

Inventory:

Hand Weapons
 d - a +0 dagger
 h - a +3 short sword (weapon)
Armour
 a - a +0 robe (worn)
Scrolls
 c - a scroll of teleportation
 e - a scroll of poison {unknown}
 f - a scroll of blinking {unknown}
 g - a scroll of identify {unknown}
Potions
 b - a potion of magic


   Skills:
 + Level 0.7 Fighting
 + Level 0.7 Short Blades
 + Level 0.7 Long Blades
 + Level 0.7 Axes
 + Level 0.7 Maces & Flails
 + Level 0.7 Polearms
 + Level 0.7 Staves
 + Level 0.7 Ranged Weapons
 + Level 0.7 Throwing
 + Level 0.7 Armour
 + Level 4.5 Dodging
 + Level 4.1 Stealth
 + Level 0.7 Shields
 + Level 0.7 Unarmed Combat
 + Level 5.0 Spellcasting
 + Level 0.5 Conjurations
 + Level 0.5 Hexes
 + Level 7.1 Summonings
 + Level 0.5 Necromancy
 + Level 0.5 Translocations
 + Level 0.5 Transmutations
 + Level 0.5 Fire Magic
 + Level 0.5 Ice Magic
 + Level 0.5 Air Magic
 + Level 0.5 Earth Magic
 + Level 0.5 Poison Magic
 + Level 0.9 Invocations
 + Level 0.7 Evocations


You had 6 spell levels left.
You knew the following spells:

 Your Spells              Type           Power      Damage    Failure   Level
a - Summon Small Mammal   Summ           92%        N/A       1%          1
b - Call Imp              Summ           46%        N/A       1%          2
c - Call Canine Familiar  Summ           23%        N/A       2%          3

Your spell library contained the following spells:

 Spells                   Type           Power      Damage    Failure   Level
 Summon Guardian Golem    Hex/Summ       14%        N/A       11%         3
 Lesser Beckoning         Tloc           8%         N/A       22%         2
 Summon Lightning Spire   Summ/Air       14%        N/A       36%         4
 Gell's Gravitas          Tloc           4%         N/A       38%         3
 Teleport Other           Tloc           4%         N/A       38%         3


Dungeon Overview and Level Annotations

Branches:
Dungeon (3/15)

Altars:

Annotations:
D:3 Robin


Innate Abilities, Weirdness & Mutations

You have very sharp teeth.
Your uncanny sense of smell can sniff out nearby items.
Your experience applies equally to all skills.


Message History

A goblin comes into view. It is wielding a +0 dagger.
Casting: Call Imp (safe; 1% risk of failure)
Confirm with . or Enter, or press ? or * to list all spells.
The goblin barely misses your cerulean imp.
Your cerulean imp misses the goblin.
Robin throws the goblin at you!
Unknown command.
You closely miss the goblin. The goblin barely misses you.
The goblin hits you with a +0 dagger.
The goblin closely misses your cerulean imp.
Your cerulean imp hits the goblin with a -2 spear.
The goblin barely misses you.
The goblin barely misses your cerulean imp.
Robin says, "Bow before me, strongest of all the hobgoblins!"
Your hound misses the goblin.
You swap places.
Your hound misses the goblin. The goblin hits you with a +0 club.
The goblin hits your cerulean imp with a +0 dagger.
Your cerulean imp hits the goblin with a -2 spear.
The goblin dies!
The goblin hits your cerulean imp with a +0 dagger.
The goblin misses your cerulean imp.
The goblin unwields a +0 club.
The goblin wields a +0 sling.
The goblin shoots a sling bullet.
The sling bullet hits your hound.
Your hound bites the goblin.
The goblin hits your cerulean imp but does no damage.
Your cerulean imp hits the goblin with a -2 spear.
The goblin closely misses you.
The goblin hits your cerulean imp with a +1 dagger of venom.
Your cerulean imp dies!
Your cerulean imp disappears in a puff of smoke!
Your hound barely misses the goblin.
The goblin attacks as you move away! The goblin hits you with a +0 club.
* * * LOW HITPOINT WARNING * * *
Your hound barely misses the goblin.
Robin throws the goblin at you!
* * * LOW HITPOINT WARNING * * *
The goblin closely misses you.
Your hound bites the goblin.
The goblin dies!
There is a stone staircase leading up here.
The goblin misses you. Robin throws the goblin at you!
The goblin hits you with a +0 dagger.
You die...

..... # ?.... ..
...... #(######
...... .........
#......
...#....####g......
......g...h)..g###'
.......@g)g.§$.....
#.....g..###)#.....
...##.#.... .# ###.
. ...#..###.. ∆
.... #..# .#. ..#..
#.## .#.# . .. #.#
.. . ... #.# ## ##


You could see Robin, 5 goblins and a friendly hound (summoned).

Vanquished Creatures
  2 goblins
  3 hobgoblins
  A rat (D:1)
6 creatures vanquished.

Vanquished Creatures (collateral kills)
  3 endoplasms
  A giant cockroach (D:1)
  7 goblins
  A hobgoblin (D:1)
  A quokka (D:1)
  2 bats (D:1)
  A frilled lizard (D:2)
  3 kobolds (D:2)
  2 rats
21 creatures vanquished.

Grand Total: 27 creatures vanquished

Notes
Turn   | Place    | Note
-------+----------+-------------------------------------------
     0 | D:1      | ChrisAssaf the Gnoll Summoner began the quest for the Orb.
     0 | D:1      | Reached XP level 1. HP: 13/13 MP: 6/6
   245 | D:1      | Reached XP level 2. HP: 18/19 MP: 4/7
   254 | D:1      | Learned a level 2 spell: Call Imp
   908 | D:2      | Reached skill level 5 in Spellcasting
   908 | D:2      | Reached XP level 3. HP: 22/25 MP: 5/9
   920 | D:2      | Learned a level 3 spell: Call Canine Familiar
   950 | D:3      | Noticed Robin
   959 | D:3      | Slain by a goblin

Illustrated notes

Levels and vault maps discovered:
D:1:      onia_arrival_mini_spirals, layout_basic, hangedman_decor_points
D:2:      layout_basic, minmay_tetromino_o4
D:3:      layout_basic, mainiacjoe_overflow_alcove_4,
          shapermc_ecumenical_altar_acropolis, uniq_grinder, uniq_robin

Skill      XL: |  1  2 |
---------------+-------+-----
Spellcasting   | 5 |  5.0
Fighting       | |  0.7
Short Blades   | |  0.7
Long Blades    | |  0.7
Axes           | |  0.7
Maces & Flails | |  0.7
Polearms       | |  0.7
Staves         | |  0.7
Ranged Weapons | |  0.7
Throwing       | |  0.7
Armour         | |  0.7
Dodging        | |  4.5
Stealth        | |  4.1
Shields        | |  0.7
Unarmed Combat | |  0.7
Conjurations   | |  0.5
Hexes          | |  0.5
Summonings     | |  7.1
Necromancy     | |  0.5
Translocations | |  0.5
Transmutations | |  0.5
Fire Magic     | |  0.5
Ice Magic      | |  0.5
Air Magic      | |  0.5
Earth Magic    | |  0.5
Poison Magic   | |  0.5
Invocations    | |  0.9
Evocations     | |  0.7

Action                     || total
---------------------------++-------
  Melee: Dagger            ||     9
         Short sword       ||     8
   Cast: Summon Small Mamm ||    11
         Call Imp          ||     7
         Call Canine Famil ||     1
    Use: Scroll            ||     1
   Stab: Sleeping          ||     2
 Armour: Robe              ||    12
  Dodge: Dodged            ||    23
